Map: Automaton LE

Players

Yocto

  • Race: Zerg Zerg
  • League: Platinum
  • Spawn Location: 9:00

McLovin - Winner!

  • Race: Protoss Protoss
  • League: Gold
  • Spawn Location: 3:00

VOD

Have the link to the VOD?

Description

Time

  • Played on: Dec. 22, 2018, 4:02 a.m.
  • Length: 9:06
Show
View Real Time Build Order
Export as new Build Order

Yocto Zerg 

Build Orders: Hatch First, Zergling Baneling 

Get SALT Encoding   

  12  0:01  Drone  
  13  0:17  Overlord  
  13  0:19  Drone  
  14  0:38  Drone x2  
  16  0:43  Drone  
  17  1:01  Hatchery  
  16  1:09  Drone  
  16  1:10  Drone  
  18  1:13  Extractor  
  17  1:26  Spawning Pool  
  17  1:28  Drone  
  17  1:31  Drone  
  18  1:35  Drone  
  19  1:53  Overlord  
  19  2:01  Drone  
  20  2:14  Zergling x4  
  22  2:15  Queen  
  22  2:17  Queen  
  26  2:25  Zergling x4  
  28  2:31  Metabolic Boost  
  28  2:36  Zergling x2  
  28  2:37  Zergling x2  
  30  2:48  Zergling x2  
  30  2:49  Zergling x4  
  33  2:58  Overlord  
  33  3:03  Zergling x2  
  34  3:18  Drone x3  
  37  3:25  Baneling Nest  
  37  3:26  Drone x4  
  40  3:34  Queen  
  40  3:39  Overlord  
  42  3:47  Drone x2  
  44  3:53  Overlord  
  44  4:05  Drone x2  
  46  4:10  Baneling x6  
  46  4:11  Baneling  
  46  4:21  Drone x2  
  46  4:22  Drone x6  
  54  4:32  Baneling x2  
  54  4:34  Drone x2  
  54  4:35  Drone  
  57  4:39  Extractor  
  57  4:40  Extractor  
  57  4:43  Roach Warren  
  54  4:46  Overlord  
  49  5:01  Drone x3  
  52  5:07  Drone x2  
  52  5:08  Drone  
  51  5:34  Lair  
  51  5:43  Hatchery  
  50  5:51  Extractor  
  50  5:55  Roach x4  
  50  5:56  Roach x2  
  61  6:11  Roach, Evolution Chamber  
  61  6:12  Roach x3, Evolution Chamber  
  67  6:22  Zergling x2  
  67  6:24  Overlord x3, Spine Crawler x2  
  66  6:38  Roach x2  
  67  6:40  Zergling x2  
  63  6:57  Ravager x4  
  62  7:02  Roach x7  
  62  7:18  Ravager  
  62  7:22  Roach  
  49  7:39  Roach x3  
  41  8:07  Roach x6  
  30  8:23  Roach  
  30  8:24  Roach  
  30  8:31  Spawning Pool  
Show
View Real Time Build Order
Export as new Build Order

McLovin Protoss - Winner!

Build Orders:  

Get SALT Encoding   

  12  0:01  Probe  
  13  0:14  Probe  
  14  0:20  Pylon  
  14  0:26  Probe  
  15  0:38  Probe  
  16  0:45  Gateway  
  16  0:50  Probe  
  16  0:52  Assimilator  
  17  0:59  Probe  
  18  1:07  Probe  
  18  1:16  Probe  
  20  1:29  Probe  
  21  1:50  Cybernetics Core  
  21  1:52  Pylon  
  21  1:56  Nexus  
  21  1:59  Assimilator  
  21  2:02  Zealot  
  23  2:09  Assimilator  
  23  2:16  Probe  
  24  2:27  Warp Gate  
  24  2:39  Stalker  
  25  2:45  Pylon  
  25  2:53  Pylon  
  25  2:56  Shield Battery  
  25  3:04  Robotics Facility  
  25  3:09  Probe  
  25  3:10  Probe  
  26  3:18  Probe  
  28  3:28  Probe  
  28  3:29  Twilight Council  
  28  3:31  Sentry  
  31  3:35  Probe  
  31  3:38  Probe  
  33  3:44  Observer  
  33  3:46  Probe  
  33  3:48  Probe  
  36  3:59  Charge  
  36  4:02  Warp Prism  
  36  4:05  Gateway  
  36  4:08  Gateway  
  38  4:27  Probe  
  39  4:39  Gateway  
  39  4:40  Probe, Gateway  
  39  4:42  Pylon  
  40  4:52  Probe  
  41  4:53  Zealot  
  41  4:55  Probe  
  40  5:04  Zealot x2  
  38  5:16  Pylon  
  38  5:17  Immortal  
  38  5:18  Pylon  
  40  5:29  Probe  
  41  5:41  Probe  
  42  5:45  Zealot x3  
  48  5:53  Probe  
  48  5:54  Sentry x2  
  53  6:05  Probe  
  54  6:11  Forge  
  54  6:15  Shield Battery  
  54  6:18  Probe  
  55  6:20  Pylon  
  55  6:25  Zealot x5  
  49  6:51  Zealot x2  
  49  6:52  Zealot x3  
  55  7:12  Zealot x3  
  55  7:13  Zealot x2  
  61  7:33  Zealot x3  
  61  7:34  Zealot x2  
  61  7:59  Zealot x2  
  61  8:00  Zealot x3  
  55  8:35  Zealot x5  
  59  8:56  Gateway x2  
  59  8:58  Pylon  
  59  8:59  Gateway  
  59  9:02  Pylon  
  58  9:05  Zealot x5  
Tags
 
Matchup
PvZ
Replay Pack
Yocto
Spawn Locations
Cross Positions
Add a new tag
Caveats
  • Supply blocks, unpowered buildings, or Contaminate may cause inaccurate times.
  • Supply counts are checked every 10 seconds.